 Dungeon Crawl Stone Soup version 0.22-a0-608-g8a62e23 (webtiles) character file.

123 sking99 the Insei (level 5, -3/39 HPs)
             Began as a Merfolk Transmuter on July 10, 2018.
             Slain by an orc priest
             ... wielding a +0 hand axe
              (7 damage)
             ... on level 3 of the Dungeon.
             The game lasted 00:03:53 (2807 turns).

sking99 the Insei (Merfolk Transmuter)              Turns: 2807, Time: 00:03:54

Health: -3/39      AC:  2    Str: 10    XL:     5   Next: 7%
Magic:  8/8        EV: 13    Int: 13    God:
Gold:   92         SH:  0    Dex: 15    Spells: 2/8 levels left

rFire    . . .     SeeInvis .     - Unarmed
rCold    . . .     Gourm    .   (no shield)
rNeg     . . .     Faith    .   b - +0 robe
rPois    .         Spirit   .   (no helmet)
rElec    .         Reflect  .   (no cloak)
rCorr    .         Harm     .   (no gloves)
MR       .....                  (no boots)
Stlth    +.........             (no amulet)
HPRegen  0.13/turn              (no ring)
MPRegen  0.11/turn              (no ring)

@: no status effects
A: change form in water, swift swim, stealthy swim
a: no special abilities


You were on level 3 of the Dungeon.
You were not hungry.

You visited 1 branch of the dungeon, and saw 3 of its levels.

You collected 92 gold pieces.

Inventory:

Missiles
 a - 25 arrows
Armour
 b - a +0 robe (worn)
Jewellery
 f - an uncursed ring of resist corrosion {unknown}
 m - a +2 ring of dexterity {unknown}
Scrolls
 c - a scroll of magic mapping {unknown}
 g - 4 scrolls of identify {unknown}
 i - 3 scrolls of remove curse {unknown}
 j - 2 scrolls of teleportation {unknown}
 l - 2 scrolls of enchant weapon {unknown}
 o - a scroll of fog {unknown}
Potions
 h - 3 potions of brilliance
Comestibles
 d - 6 rations


   Skills:
 + Level 2.6 Fighting
 - Level 2.6 Dodging
 * Level 4.9 Unarmed Combat
 - Level 2.0 Spellcasting
 + Level 4.0 Transmutations
 + Level 0.1 Poison Magic


You had 2 spell levels left.
You knew the following spells:

 Your Spells              Type           Power        Failure   Level  Hunger
a - Beastly Appendage     Tmut           ##....       4%          1    ##.....
b - Sticks to Snakes      Tmut           ##......     8%          2    ###....
c - Spider Form           Tmut/Pois      #.........   32%         3    ####...

Your spell library contained the following spells:

 Spells                   Type           Power        Failure   Level  Hunger
 Blade Hands              Tmut           ##........   80%         5    ######.
 Ice Form                 Ice/Tmut       #.......     73%         4    #####..


Dungeon Overview and Level Annotations

Branches:
Dungeon (3/15)

Altars:
Vehumet


Message History

The orc hits you with a hand axe.
The orc priest hits you with a hand axe.
You closely miss the orc priest.
The orc priest is severely wounded.
The orc barely misses you.
You closely miss the orc priest.
The orc priest is severely wounded.
The orc priest hits you with a hand axe!
* * * LOW HITPOINT WARNING * * *
The orc hits you with a hand axe.
* * * LOW HITPOINT WARNING * * *
You barely miss the orc priest.
The orc priest is severely wounded.
The orc priest closely misses you.
You hit the orc priest but do no damage.
The orc priest is severely wounded.
The orc priest begins to cast a cantrip, but forgets the words!
It was a potion of cancellation.
You feel magically purged.
The orc priest hits you with a hand axe!
You die...

#.#.## #..
##.### #..
##...#####
#..
#........#
##.
##...###.#
#> ##.## #.#
#. ### #.#
#.
##########.#
#.
#oo@.......#
#.
#)##########
.. #.# #.#
....o...#
....##### ..


You could see an orc priest and an orc.

Vanquished Creatures
  An orc priest (D:3)
  4 adders (D:2)
  3 worms (D:3)
  2 dart slugs
  4 leopard geckos
  2 orcs (D:3)
  4 bats
  3 giant cockroaches
  5 hobgoblins
  6 kobolds
  3 frilled lizards
  4 goblins (D:1)
  A rat (D:1)
42 creatures vanquished.

Vanquished Creatures (collateral kills)
  2 orcs (D:3)
2 creatures vanquished.

Grand Total: 44 creatures vanquished

Notes
Turn   | Place    | Note
-------+----------+-------------------------------------------
     0 | D:1      | sking99 the Merfolk Transmuter began the quest for the Orb.
     0 | D:1      | Reached XP level 1. HP: 15/15 MP: 3/3
   303 | D:1      | Reached XP level 2. HP: 16/21 MP: 5/5
  1256 | D:2      | Reached XP level 3. HP: 27/27 MP: 6/6
  1390 | D:2      | Learned a level 2 spell: Sticks to Snakes
  1817 | D:2      | Found a radiant altar of Vehumet.
  1824 | D:2      | Reached XP level 4. HP: 17/33 MP: 3/7
  2229 | D:3      | HP: 1/34 [orc (4)]
  2541 | D:3      | Learned a level 3 spell: Spider Form
  2653 | D:3      | Reached XP level 5. HP: 34/39 MP: 8/8
  2807 | D:3      | Slain by an orc priest

Vault maps used:
D:1:      grunt_arrival_lava_bath, interstate_on_off
D:2:      vehumet_crystals, first_ration

Skill      XL: |  1  2  3  4  5 |
---------------+----------------+-----
Transmutations | 3 4 |  4.0
Unarmed Combat | 4 |  4.9
Fighting       | 2 |  2.6
Dodging        | |  2.6
Spellcasting   | |  2.0
Poison Magic   | |  0.1

Action                   |  1- 3 |  4- 6 || total
-------------------------+-------+-------++-------
Melee: Unarmed           |   117 |    63 ||   180
       Headbutt          |     2 |     4 ||     6
       Punch             |     2 |       ||     2
 Cast: Beastly Appendage |     4 |     2 ||     6
       Sticks to Snakes  |     2 |     2 ||     4
  Use: Potion            |     2 |     2 ||     4
 Stab: Sleeping          |     3 |       ||     3
  Eat: Chunk             |     3 |     3 ||     6
Armor: Robe              |    23 |     1 ||    24
Dodge: Dodged            |    73 |    40 ||   113

Table legend:
 A = Spawn XP
 B = Non-spawn XP
 C = Spawn XP percentage of total XP
 D = Spawn monster count
 E = Non-spawn monster count
 F = Spawn count percentage of total count
 G = Total turns spent on level
                    A         B        C        D         E        F      G
               +---------+---------+-------+---------+---------+-------+---------
         Total |       0 |     176 |   0.0 |       0 |      44 |   0.0 |  2807
               +---------+---------+-------+---------+---------+-------+---------
           D:1 |       0 |      30 |   0.0 |       0 |      17 |   0.0 |  1243
           D:2 |       0 |      77 |   0.0 |       0 |      17 |   0.0 |  1215
           D:3 |       0 |      69 |   0.0 |       0 |      10 |   0.0 |   349
               +---------+---------+-------+---------+---------+-------+---------
